AoeStats
← waLLefps.

Black Forest

506717826Analyzed
4v4 RM · 17d ago on Sep 14, 2026· 36m 5s· 8 players
Game mode
Random Map
Map size
Large (8 player)
Population
200
Speed
Normal
Resources
Standard
Victory
Conquest
Starting age
Dark Age
Ending age
Imperial Age
RankedLock teamsTeams togetherTeam positionsShared explorationLock speedFull tech treeHidden civsTurbo modeCheats
Victory
Defeat
🇪🇨 Mongols · Ecuador
1491
+12
🇧🇷 Burgundians · Brazil
1451
+13
🇭🇰 Bohemians · Hong Kong SAR China
1374
+16
🇪🇸 Malay · Spain
1357
+18
🇹🇷 Persians · Türkiye
1426
-16
🇹🇷 Bohemians · Türkiye
1395
-15
🇹🇷 Khitans · Türkiye
1366
-14
🇹🇷 Celts · Türkiye
1364
-14
phlui1122
5:32 Loom
8:51 Feudal Age
10:09 Double-Bit Axe
10:16 Horse Collar
19:08 Castle Age
20:10 Bow Saw
21:44 Scale Barding Armor
27:09 Heavy Plow
28:42 Wheelbarrow
28:20 Town Watch
29:57 Fletching
34:17 Imperial Age
33:31 Wagenburg Tactics
34:32 Chemistry
34:35 Bodkin Arrow
35:36 Siege Engineers
36:10 Block Printing
[ECU] Tecno>Luis
1:08 Loom
11:02 Feudal Age
11:31 Double-Bit Axe
11:27 Horse Collar
19:55 Castle Age
18:38 Fletching
24:48 Imperial Age
23:01 Bodkin Arrow
23:07 Gold Mining
24:05 Bow Saw
26:05 Bracer
27:21 Padded Archer Armor
29:38 Wheelbarrow
30:46 Conscription
31:55 Husbandry
32:05 Bloodlines
34:08 Ballistics
34:49 Chemistry
36:25 Thumb Ring
36:45 Parthian Tactics
Julio2
5:55 Loom
6:00 Double-Bit Axe
12:47 Feudal Age
13:41 Bow Saw
16:40 Castle Age
17:42 Forging
23:11 Wheelbarrow
22:43 Fishing Lines
24:21 Two-Man Saw
24:40 Gillnets
25:31 Hand Cart
24:59 Horse Collar
30:15 Imperial Age
27:51 Heavy Plow
28:15 Cavalier
29:02 Scale Barding Armor
29:48 Coinage
30:25 Chain Barding Armor
30:25 Paladin
32:15 Plate Barding Armor
34:11 Iron Casting
36:20 Blast Furnace
Mr.Brrum
7:21 Loom
9:42 Feudal Age
11:53 Fletching
16:04 Padded Archer Armor
23:17 Castle Age
22:03 Double-Bit Axe
22:01 Horse Collar
23:32 Wheelbarrow
22:22 Crossbowman
23:07 Bodkin Arrow
24:46 Bow Saw
24:19 Fishing Lines
25:56 Town Watch
26:41 Gold Mining
28:12 Ballistics
32:13 Imperial Age
30:11 Gillnets
31:20 Gold Shaft Mining
31:43 Leather Archer Armor
31:48 Bracer
32:45 Leather Archer Armor
33:05 Thumb Ring
33:11 Stone Mining
33:01 Arbalester
36:52 Ring Archer Armor
37:24 Chemistry
klostrofobikköstebek
10:47 Feudal Age
17:04 Castle Age
14:54 Loom
24:45 Wheelbarrow
25:48 Horse Collar
25:54 Double-Bit Axe
26:52 Heavy Plow
28:42 Forging
30:55 Scale Barding Armor
33:03 Husbandry
33:14 Bloodlines
33:49 Chain Barding Armor
34:09 Iron Casting
Tameryig1t
2:47 Loom
12:48 Feudal Age
15:18 Fletching
16:10 Double-Bit Axe
21:33 Castle Age
19:44 Domestication
21:29 Gold Mining
25:15 Bow Saw
27:12 Wheelbarrow
34:57 Imperial Age
İhtiyar
1:53 Loom
11:48 Feudal Age
15:45 Castle Age
13:32 Horse Collar
13:37 Double-Bit Axe
13:47 Double-Bit Axe
14:40 Gold Mining
16:27 Wheelbarrow
18:05 Fishing Lines
21:04 Gillnets
26:10 Bow Saw
29:37 Fletching
waLLefps.
1:44 Loom
12:30 Feudal Age
16:34 Castle Age
14:22 Double-Bit Axe
15:24 Horse Collar
17:51 Bow Saw
23:44 Chemistry
24:02 Heavy Plow
24:39 Fervor
24:50 Sanctity
28:12 Imperial Age
27:31 Chemistry
26:36 Padded Archer Armor
27:03 Wagenburg Tactics
28:24 Leather Archer Armor
30:34 Wheelbarrow
Connection lost

Rejoining the realm…

Still unreachable

The connection could not be restored.

Session expired

The server has moved on; the page needs a fresh start.